[Event "Titled Tuesday Blitz July 27 2021"]
[White "Willow, Jonah B"]
[Black "Pacheco Lugo, Alejandro Jose"]
[WhiteFideId "438804"]
[BlackFideId "3903745"]
[WhiteElo "2261"]
[BlackElo "2125"]
[Result "1-0"]
[Round "07"]
[TimeControl "180+1"]
[Date "2021.07.27"]
[WhiteClock "0:00:10"]
[BlackClock "0:00:01"]

1. e4 c5 2. Nf3 d6 3. d4 cxd4 4. Qxd4 Nc6 5. Bb5 a6 6. Bxc6+ bxc6 7. c4 e5 8. Qd3 Ne7 9. Nc3 Ng6 10. Bg5 f6 11. Be3 Be7 12. h4 h5 13. g3 O-O 14. O-O Bg4 15. Nh2 Be6 16. Qe2 Qe8 17. b3 f5 18. Qxh5 f4 19. Bd2 Bh3 20. Rfe1 Qf7 21. g4 Nxh4 22. Qxf7+ Rxf7 23. f3 Bg2 24. Kf2 g5 25. Rg1 Bh3 26. Ke2 Kg7 27. Be1 Rh8 28. Bf2 Kg6 29. Rad1 Rfh7 30. Na4 Bg2 31. Nb2 Bh3 32. Nd3 c5 33. Ne1 Kf7 34. a3 a5 35. Rb1 Ng6 36. Nd3 Bg2 37. Rxg2 Rxh2 38. Rxh2 Rxh2 39. b4 axb4 40. axb4 cxb4 41. Nxb4 Bd8 42. Nd5 Ba5 43. Rb5 Bd8 44. Rb7+ Be7 45. Kf1 Rh1+ 46. Bg1 Rh3 47. Rb3 Nh4 48. Rb7 Ng6 49. Kg2 Rh8 50. c5 dxc5 51. Bxc5 Re8 52. Rc7 Kf8 53. Nxe7 Rxe7 54. Bxe7+ Nxe7 55. Kf2 Kf7 56. Ra7 Ke6 57. Ra6+ Kf7 58. Ke2 Ng6 59. Ra7+ Kf6 60. Ra6+ Kf7 61. Ra1 Nh4 62. Ra5 Kf6 63. Ra6+ Kf7 64. Ra3 Kf6 65. Rd3 Ke6 66. Kd2 Ng2 67. Ra3 Kd6 68. Ra6+ Ke7 69. Ra7+ Ke6 70. Ra6+ Kf7 71. Ke2 Nh4 72. Ra7+ Kf6 73. Ra3 Ke7 74. Rd3 Ke6 75. Kd1 Ng2 76. Kd2 Ke7 77. Rd5 Ke6 78. Rd8 Ke7 79. Rg8 Kf6 80. Ke2 Nh4 81. Kf2 Kf7 82. Rxg5 Ng6 83. Rf5+ Ke6 84. Rh5 Ne7 85. Rh6+ Kf7 86. Ra6 Nc8 87. Ke2 Ne7 88. Kd3 Ng6 89. Kc4 Nh4 90. Ra3 Ke6 91. Kc5 Kf6 92. Kd5 Ng2 93. Ra6+ Kg5 94. Kxe5 Ne3 95. Ra8 Nc4+ 96. Kd4 Ne3 97. Rg8+ Kh4 98. g5 Kg3 99. g6 Kxf3 100. g7 Nc2+ 101. Kc3 Ne3 102. Rf8 Kxe4 103. g8=Q Nd5+ 104. Kd2 1-0


[Site "https://www.chess.com"]

[Event "Titled Tuesday Blitz July 27 2021"]
[White "Wong, Yinn Long"]
[Black "Pridorozhni, Aleksei"]
[WhiteFideId "5707684"]
[BlackFideId "4127870"]
[WhiteElo "2016"]
[BlackElo "2565"]
[Result "0-1"]
[Round "07"]
[TimeControl "180+1"]
[Date "2021.07.27"]
[WhiteClock "0:00:24"]
[BlackClock "0:01:19"]

1. d4 d5 2. Bf4 c6 3. e3 Qb6 4. b3 Bf5 5. Bd3 Bg6 6. Nf3 Nd7 7. O-O e6 8. c4 Ngf6 9. Nc3 Qa5 10. Qc2 Bb4 11. Ne2 Ba3 12. Ne5 O-O 13. Nxg6 hxg6 14. Ng3 Rfd8 15. Rad1 Rac8 16. e4 dxe4 17. Nxe4 Nxe4 18. Bxe4 Nf6 19. Bf3 Bd6 20. Bd2 Bb4 21. Be3 Rd7 22. g3 Rcd8 23. Kg2 Qf5 24. Qxf5 gxf5 25. h3 a6 26. g4 fxg4 27. hxg4 Bc3 28. g5 Nh7 29. d5 cxd5 30. cxd5 exd5 31. Rd3 d4 32. Rfd1 Nf8 33. Bg4 dxe3 34. Rxd7 Rxd7 35. Bxd7 e2 36. Re1 Bxe1 37. Bg4 Bd2 38. Bxe2 Bxg5 39. Bf3 b6 40. Bb7 a5 41. Kf3 Be7 42. Ke4 Bc5 43. f4 g6 44. f5 gxf5+ 45. Kxf5 Kg7 46. Bd5 Ng6 47. Be4 Bd6 48. Kg5 f6+ 49. Kf5 Ne7+ 50. Ke6 Bc5 51. a4 Ng8 52. Bd3 Nh6 53. Be4 Nf7 54. Bd3 Ng5+ 55. Kf5 Kf7 56. Bc4+ Ke7 57. Bd5 Nf7 58. Kf4 Nd6 59. Bg8 Bd4 60. Bd5 Be5+ 61. Kg4 Ne8 62. Bc6 Ng7 63. Bd5 Kd6 64. Bc4 Ne6 65. Kf5 Nd4+ 66. Ke4 Kc5 67. Bf7 Kb4 68. Bc4 Nxb3 69. Kd5 Nc5 70. Bb5 Nxa4 71. Bd7 Nc5 72. Bg4 a4 0-1


[Site "https://www.chess.com"]

[Event "Titled Tuesday Blitz July 27 2021"]
[White "Xie, Bryan"]
[Black "Moksh Amit Doshi"]
[WhiteFideId "30941296"]
[BlackFideId "25064967"]
[WhiteElo "1899"]
[BlackElo "2245"]
[Result "0-1"]
[Round "07"]
[TimeControl "180+1"]
[Date "2021.07.27"]
[WhiteClock "0:00:10"]
[BlackClock "0:00:11"]

1. e4 e5 2. Nf3 Nc6 3. Bc4 Bc5 4. O-O Nf6 5. d3 d6 6. Nc3 a6 7. a3 O-O 8. Bg5 h6 9. Bh4 g5 10. Nxg5 hxg5 11. Bxg5 Be6 12. Qf3 Kg7 13. Ne2 Rh8 14. Ng3 Kg6 15. h4 Nd4 16. Qd1 Bxc4 17. dxc4 Ne6 18. Qf3 Nd4 19. Qd1 Qd7 20. c3 Ne6 21. Bd2 Rxh4 22. Nf5 Rh5 23. g4 Rh3 24. g5 Nxe4 25. Qg4 Nf4 26. Bxf4 Qxf5 27. Qxf5+ Kxf5 28. Bc1 Rah8 29. b4 Rh1+ 30. Kg2 R8h2+ 31. Kf3 Rxf1 32. bxc5 Rfxf2+ 33. Ke3 Rh3# 0-1


[Site "https://www.chess.com"]

[Event "Titled Tuesday Blitz July 27 2021"]
[White "Yaran, Siar"]
[Black "Kalashian, David"]
[WhiteFideId "6323006"]
[BlackFideId "13302418"]
[WhiteElo "2705"]
[BlackElo "2511"]
[Result "1-0"]
[Round "07"]
[TimeControl "180+1"]
[Date "2021.07.27"]
[WhiteClock "0:00:46"]
[BlackClock "0:00:16"]

1. c4 Nf6 2. Nc3 g6 3. g3 Bg7 4. Bg2 O-O 5. Nf3 c6 6. e4 d5 7. cxd5 cxd5 8. e5 Ne4 9. d3 Nxc3 10. bxc3 Nc6 11. d4 b6 12. O-O Ba6 13. Re1 e6 14. h4 Rc8 15. Bg5 Qd7 16. Qd2 f5 17. exf6 Bxf6 18. Bxf6 Rxf6 19. Ne5 Nxe5 20. Rxe5 Qc6 21. Re3 Rc7 22. Rae1 Bc8 23. Bh3 Kg7 24. f4 Re7 25. Re5 Rc7 26. R1e3 Qd6 27. h5 Bd7 28. Qe2 b5 29. Bxe6 Bxe6 30. Rxe6 Rxe6 31. Rxe6 Qd7 32. Qe5+ Kh6 33. hxg6 Rxc3 34. Qg5+ Kg7 35. gxh7+ Kf7 1-0


[Site "https://www.chess.com"]

[Event "Titled Tuesday Blitz July 27 2021"]
[White "Yilmaz, Mustafa"]
[Black "Maevsky, Nikolay"]
[WhiteFideId "6302718"]
[BlackFideId "4198220"]
[WhiteElo "2518"]
[BlackElo "2213"]
[Result "1-0"]
[Round "07"]
[TimeControl "180+1"]
[Date "2021.07.27"]
[WhiteClock "0:00:48"]
[BlackClock "0:00:02"]

1. d4 d5 2. c4 Nc6 3. Nc3 dxc4 4. Nf3 Nf6 5. e4 Bg4 6. Be3 e6 7. Bxc4 Bb4 8. Qd3 O-O 9. a3 Ba5 10. h3 Bxf3 11. gxf3 Bb6 12. Rd1 Nh5 13. e5 Qh4 14. Qe4 Qxe4 15. fxe4 Rad8 16. Ne2 Rfe8 17. Rg1 f6 18. exf6 Nxf6 19. f3 Kh8 20. Bb5 Ne5 21. Kf2 Ned7 22. Nf4 c6 23. Bc4 Nf8 24. b4 a6 25. Ke2 e5 26. dxe5 Rxe5 27. Bxb6 Rde8 28. Bd3 Nd5 29. Nxd5 cxd5 30. Bd4 R5e7 31. e5 Ne6 32. Be3 g6 33. f4 Rf8 34. Rdf1 Ref7 35. f5 gxf5 36. Bh6 Rg8 37. Rxg8+ Kxg8 38. Rc1 Rd7 39. Ke3 d4+ 40. Kf3 Rc7 41. Bxf5 Rxc1 42. Bxe6+ Kh8 43. Bxc1 1-0


[Site "https://www.chess.com"]

[Event "Titled Tuesday Blitz July 27 2021"]
[White "Zhigalko, Sergei"]
[Black "Tristan, Leonardo"]
[WhiteFideId "13502956"]
[BlackFideId "113816"]
[WhiteElo "2662"]
[BlackElo "2404"]
[Result "1-0"]
[Round "07"]
[TimeControl "180+1"]
[Date "2021.07.27"]
[WhiteClock "0:00:18"]
[BlackClock "0:00:12"]

1. e4 c5 2. Nf3 Nc6 3. c3 Nf6 4. e5 Nd5 5. Bc4 Nb6 6. Bb3 c4 7. Bc2 d6 8. exd6 Qxd6 9. O-O Bg4 10. Re1 e6 11. b3 Be7 12. Na3 cxb3 13. axb3 O-O 14. d4 Rac8 15. Nc4 Nxc4 16. bxc4 b6 17. d5 Na5 18. Ba3 Qd7 19. Ba4 Qb7 20. d6 Bf6 21. d7 Rcd8 22. Bxf8 Kxf8 23. c5 bxc5 24. Rb1 Qc7 25. Qd3 Bf5 26. Qxf5 Bxc3 27. Ng5 Bf6 28. Nxh7+ Ke7 29. Nxf6 gxf6 30. Qf3 c4 31. Qa3+ Qd6 32. Qxd6+ Kxd6 33. Red1+ Kc5 34. Rb5+ 1-0


[Site "https://www.chess.com"]

[Event "Titled Tuesday Blitz July 27 2021"]
[White "Zubov, Alexander"]
[Black "Ahmadzada, Ahmad"]
[WhiteFideId "14109409"]
[BlackFideId "13413007"]
[WhiteElo "2740"]
[BlackElo "2226"]
[Result "1-0"]
[Round "07"]
[TimeControl "180+1"]
[Date "2021.07.27"]
[WhiteClock "0:00:19"]
[BlackClock "0:00:02"]

1. d4 Nf6 2. c4 Nc6 3. Nf3 e6 4. a3 d6 5. Nc3 g6 6. d5 Ne7 7. dxe6 Bxe6 8. Nd4 Bg7 9. Nxe6 fxe6 10. g3 O-O 11. Bh3 Qd7 12. O-O Rae8 13. e4 Nc6 14. Be3 Qf7 15. Rc1 e5 16. b3 Kh8 17. f3 h5 18. Nd5 Kh7 19. Qd2 Nd4 20. Bxd4 exd4 21. Qd3 c6 22. Nf4 Bh6 23. Qxd4 Ng8 24. Qxd6 Bxf4 25. Qxf4 Qxf4 26. gxf4 Rxf4 27. Rcd1 Re7 28. Kg2 Nf6 29. Kg3 g5 30. Bf5+ Kg7 31. h3 Ne8 32. Rd8 Kf6 33. Rfd1 h4+ 34. Kg2 Ng7 35. R8d6+ Ke5 36. Bg4 Ref7 37. b4 Re7 38. c5 Ref7 39. Rg6 Ne8 40. Rd8 Nf6 41. Rd6 Nxg4 42. Rge6# 1-0


[Site "https://www.chess.com"]

[Event "Titled Tuesday Blitz July 27 2021"]
[White "deribas12345"]
[Black "Tsotsonava, Elene"]
[BlackFideId "13615939"]
[WhiteElo "2556"]
[BlackElo "1847"]
[Result "0-1"]
[Round "07"]
[TimeControl "180+1"]
[Date "2021.07.27"]
[WhiteClock "0:00:02"]
[BlackClock "0:00:29"]

1. d4 d5 2. Nf3 Nf6 3. g3 c5 4. Bg2 cxd4 5. O-O Nc6 6. Nxd4 Nxd4 7. Qxd4 g6 8. c4 Bg7 9. cxd5 O-O 10. Nc3 e6 11. Bg5 Nxd5 12. Qxg7+ Kxg7 13. Bxd8 Rxd8 14. Rfd1 Bd7 15. Nxd5 exd5 16. Bxd5 Bc6 17. Bxc6 bxc6 18. e3 Rab8 19. b3 Kf6 20. Kf1 Ke6 21. Ke2 Rd5 22. Rac1 Rxd1 23. Rxd1 Rb6 24. Rc1 Ra6 25. a4 Rb6 26. Rc3 Kd5 27. f3 c5 28. e4+ Kd6 29. Kd3 Rb4 30. Kc2 h5 31. h4 a5 32. Rd3+ Kc6 33. Kc3 c4 34. bxc4 Rxa4 35. Kd4 Kd6 36. e5+ Ke6 37. f4 Rb4 38. Kc5 Rb8 39. Rd6+ Kf5 40. Rf6+ Kg4 41. Rxf7 Kxg3 42. e6 a4 43. e7 Re8 44. Kd6 a3 45. Rf8 a2 46. Rxe8 a1=Q 47. Rf8 Qd4+ 48. Ke6 Qxc4+ 49. Kd7 Qd5+ 50. Kc7 Qc5+ 51. Kd7 Qa7+ 52. Ke6 Qe3+ 53. Kf7 Qxf4+ 54. Kg8 Qc4+ 55. Kh8 Qd4+ 56. Kg8 Qd5+ 57. Rf7 Qe6 58. Kf8 Qd6 59. Kg7 Qe5+ 60. Kg8 Kxh4 61. Rg7 Qe6+ 62. Kf8 Qd6 63. Rf7 g5 64. Kg8 Qe6 65. Kf8 Qh6+ 66. Kg8 Qe6 67. Kf8 Qxe7+ 68. Kxe7 g4 69. Kf6 g3 70. Kf5 Kh3 71. Kf4 g2 72. Rg7 Kh2 0-1


[Site "https://www.chess.com"]

[Event "Titled Tuesday Blitz July 27 2021"]
[White "Ahmadzada, Ahmad"]
[Black "Ulko, Jaroslav"]
[WhiteFideId "13413007"]
[BlackFideId "4116658"]
[WhiteElo "2226"]
[BlackElo "2304"]
[Result "1-0"]
[Round "08"]
[TimeControl "180+1"]
[Date "2021.07.27"]
[WhiteClock "0:00:07"]
[BlackClock "0:00:13"]

1. Nf3 Nf6 2. g3 g6 3. Bg2 Bg7 4. O-O O-O 5. d3 d6 6. c4 e5 7. Nc3 Re8 8. Bg5 h6 9. Bxf6 Bxf6 10. Nd2 Bg7 11. Rb1 a5 12. a3 c6 13. b4 axb4 14. axb4 e4 15. Qc2 exd3 16. Qxd3 Nd7 17. Qc2 Ra3 18. Rb3 Rxb3 19. Nxb3 Ne5 20. b5 Bd7 21. bxc6 bxc6 22. Ne4 Be6 23. Nd4 Bxc4 24. Nxc6 Qc7 25. Nxe5 Bxe5 26. Rc1 d5 27. Nf6+ Bxf6 28. Bxd5 Rc8 29. Bxc4 Kg7 30. e3 h5 31. h4 Rb8 32. Qd3 Rb2 33. Rc2 Rb1+ 34. Kg2 Be5 35. Bd5 Qd6 36. Rc6 Qd7 37. e4 Rb4 38. Ra6 Rd4 39. Qe3 Rxd5 40. exd5 Qxd5+ 41. Qf3 Qc4 42. Ra7 Bf6 43. Rb7 Qd4 44. Rb3 Qe5 45. Rd3 Qa1 46. Rd5 Qb2 47. Rd7 Qa1 48. Qd5 1-0


[Site "https://www.chess.com"]

[Event "Titled Tuesday Blitz July 27 2021"]
[White "Arabidze, Meri"]
[Black "Martins, Vinicius Tine"]
[WhiteFideId "13604040"]
[BlackFideId "2112884"]
[WhiteElo "2432"]
[BlackElo "2373"]
[Result "1-0"]
[Round "08"]
[TimeControl "180+1"]
[Date "2021.07.27"]
[WhiteClock "0:01:17"]
[BlackClock "0:00:27"]

1. Nf3 c5 2. g3 b6 3. Bg2 Bb7 4. O-O g6 5. d3 Bg7 6. c3 Nf6 7. Nbd2 O-O 8. e4 d5 9. e5 Nfd7 10. d4 Nc6 11. a3 e6 12. Re1 a5 13. Nf1 a4 14. h4 Ba6 15. Bg5 Qc7 16. h5 Bxf1 17. Rxf1 Na5 18. h6 Bh8 19. Nh2 Nb3 20. Rb1 f6 21. exf6 Bxf6 22. Bxf6 Nxf6 23. dxc5 Qxc5 24. Ng4 Nxg4 25. Qxg4 Rf6 26. Rbe1 Qc6 27. Re2 Raf8 28. Rfe1 Nc5 29. Qd4 Qd6 30. Rxe6 Nxe6 31. Rxe6 Qc5 32. Rxf6 1-0


[Site "https://www.chess.com"]

[Event "Titled Tuesday Blitz July 27 2021"]
[White "Araujo Sanchez, Josue"]
[Black "Khusnutdinov, Rustam"]
[WhiteFideId "6416896"]
[BlackFideId "13701703"]
[WhiteElo "2181"]
[BlackElo "2571"]
[Result "0-1"]
[Round "08"]
[TimeControl "180+1"]
[Date "2021.07.27"]
[WhiteClock "0:00:01"]
[BlackClock "0:00:50"]

1. Nf3 d5 2. b3 Bg4 3. Bb2 Nd7 4. g3 e5 5. Nxe5 Nxe5 6. Bxe5 d4 7. h3 Be6 8. Bg2 f6 9. Bf4 g5 10. Bxg5 fxg5 11. Bxb7 Rb8 12. Bc6+ Kf7 13. c3 Ne7 14. Bf3 Bg7 15. e4 Rf8 16. Bg4 Rb6 17. O-O Kg8 18. Na3 dxc3 19. Nc4 Bxc4 20. bxc4 Qxd2 21. Qa4 c2 22. Rac1 Rxf2 23. Qe8+ Rf8 24. Qxe7 Bd4+ 25. Kh1 Rbf6 26. Be6+ Kh8 27. Rxf6 Qxc1+ 28. Kg2 Qg1+ 29. Kf3 Rxf6+ 30. Kg4 Qd1+ 31. Kxg5 c1=Q+ 32. Kh4 Qh6# 0-1


[Site "https://www.chess.com"]

[Event "Titled Tuesday Blitz July 27 2021"]
[White "Assaubayeva, Bibisara"]
[Black "Babiy, Olga"]
[WhiteFideId "13708694"]
[BlackFideId "14117258"]
[WhiteElo "2232"]
[BlackElo "2230"]
[Result "1-0"]
[Round "08"]
[TimeControl "180+1"]
[Date "2021.07.27"]
[WhiteClock "0:01:36"]
[BlackClock "0:00:02"]

1. d4 Nf6 2. c4 e6 3. Nf3 b6 4. a3 Ba6 5. Qc2 c5 6. d5 exd5 7. cxd5 Bd6 8. Nc3 O-O 9. g3 Re8 10. Bg2 Bb7 11. Qd1 Na6 12. O-O Nc7 13. Nh4 Re5 14. e4 Bf8 15. f4 Re8 16. e5 Nfxd5 17. Nxd5 Nxd5 18. Bxd5 Bxd5 19. Qxd5 Qc8 20. Nf5 g6 21. Nd6 Bxd6 22. Qxd6 Qa6 23. Bd2 Qe2 24. Rae1 Qg4 25. Bc3 Rad8 26. e6 1-0


[Site "https://www.chess.com"]

[Event "Titled Tuesday Blitz July 27 2021"]
[White "Baches Garcia, Guillermo"]
[Black "Chernobay, Artem"]
[WhiteFideId "2209764"]
[BlackFideId "4167406"]
[WhiteElo "2430"]
[BlackElo "2480"]
[Result "0-1"]
[Round "08"]
[TimeControl "180+1"]
[Date "2021.07.27"]
[WhiteClock "0:00:01"]
[BlackClock "0:00:04"]

1. e4 e6 2. d4 d5 3. exd5 exd5 4. Nf3 Bd6 5. c4 Nf6 6. Nc3 O-O 7. cxd5 Nbd7 8. Bc4 Re8+ 9. Be3 Nb6 10. Bb3 a5 11. a3 Ng4 12. O-O Nxe3 13. fxe3 Rxe3 14. Ne5 Qh4 15. Qd2 Qh6 16. Rae1 Rxe1 17. Qxe1 f6 18. Nf3 Bg4 19. h3 Bd7 20. Qd2 Qg6 21. Kh1 Re8 22. Bc2 Qf7 23. Qd3 g6 24. Bb3 Bf5 25. Qd2 Kg7 26. Re1 Rxe1+ 27. Qxe1 Qd7 28. Qf2 h5 29. Nh4 Bxh3 30. gxh3 Qxh3+ 31. Kg1 Bg3 32. Qe2 Qxh4 33. d6 Qxd4+ 34. Kg2 Qxd6 0-1


[Site "https://www.chess.com"]

[Event "Titled Tuesday Blitz July 27 2021"]
[White "Balabayeva, Xeniya"]
[Black "Amburgy, Ryan"]
[WhiteFideId "13719688"]
[BlackFideId "30924820"]
[WhiteElo "1988"]
[BlackElo "2066"]
[Result "0-1"]
[Round "08"]
[TimeControl "180+1"]
[Date "2021.07.27"]
[WhiteClock "0:00:01"]
[BlackClock "0:00:12"]

1. e4 c6 2. d4 d5 3. Nd2 dxe4 4. Nxe4 Nf6 5. Nxf6+ exf6 6. c3 Bd6 7. Bd3 O-O 8. Ne2 Re8 9. Qc2 h5 10. Be3 Nd7 11. O-O-O Nf8 12. h3 Be6 13. Kb1 b5 14. g4 h4 15. Nc1 Bd5 16. Rhg1 Bh2 17. Rgf1 a5 18. Qd2 Bc7 19. f4 g6 20. Bf2 Ne6 21. Bxh4 Bxf4 22. Qc2 g5 23. Bf2 a4 24. Ne2 a3 25. b3 Bc7 26. h4 Kg7 27. h5 Nf4 28. h6+ Kh8 29. Nxf4 Bxf4 30. Be1 Qd6 31. Bd2 Bxd2 32. Rxd2 Re3 33. Rdf2 Rae8 34. Rd1 Bf3 35. Rdf1 Re1+ 36. Qc1 Rxc1+ 37. Kxc1 Be4 38. Bxe4 Rxe4 39. Rxf6 Qg3 40. R6f3 Re1+ 41. Kd2 Qg2+ 42. R1f2 Qg1 43. Rxf7 Rd1+ 44. Ke3 Qe1+ 45. Re2 Qxc3+ 46. Kf2 Qxd4+ 47. Re3 Rd2+ 0-1


[Site "https://www.chess.com"]

[Event "Titled Tuesday Blitz July 27 2021"]
[White "Baskin, Robert"]
[Black "Koepke, Christian"]
[WhiteFideId "24662402"]
[BlackFideId "4655737"]
[WhiteElo "2462"]
[BlackElo "2216"]
[Result "0-1"]
[Round "08"]
[TimeControl "180+1"]
[Date "2021.07.27"]
[WhiteClock "0:00:03"]
[BlackClock "0:00:40"]

1. e4 Nf6 2. e5 Nd5 3. d4 d6 4. c4 Nb6 5. f4 g6 6. Nc3 Bg7 7. Be3 Be6 8. d5 Bc8 9. Nf3 c6 10. dxc6 Nxc6 11. c5 Nd7 12. cxd6 O-O 13. dxe7 Qxe7 14. Nd5 Qd8 15. Bc4 b5 16. Bb3 Bb7 17. O-O Na5 18. Nc3 Nxb3 19. Qxb3 a6 20. Rfd1 Bxf3 21. gxf3 Qe7 22. Nd5 Qh4 23. Bf2 Qh3 24. Rac1 Rad8 25. Rc7 Kh8 26. Ne7 Nxe5 27. fxe5 Rxd1+ 28. Qxd1 Bxe5 29. f4 Bxc7 30. Nd5 Bd8 31. Qd4+ f6 0-1


[Site "https://www.chess.com"]

[Event "Titled Tuesday Blitz July 27 2021"]
[White "Begmuratov, Khumoyun"]
[Black "Mickiewicz, Piotr"]
[WhiteFideId "14210207"]
[BlackFideId "1114891"]
[WhiteElo "1932"]
[BlackElo "2263"]
[Result "1-0"]
[Round "08"]
[TimeControl "180+1"]
[Date "2021.07.27"]
[WhiteClock "0:00:05"]
[BlackClock "0:00:01"]

1. d4 Nf6 2. Nf3 g6 3. g3 Bg7 4. Bg2 O-O 5. O-O d6 6. c4 c5 7. d5 e6 8. Nc3 exd5 9. cxd5 a6 10. a4 Re8 11. Re1 Ne4 12. Nxe4 Rxe4 13. e3 Nd7 14. Nd2 Rb4 15. Rb1 Ne5 16. Qc2 Bd7 17. b3 Bf5 18. e4 Bd7 19. Ba3 Rd4 20. Bb2 Nd3 21. Bxd4 Nxe1 22. Rxe1 Bxd4 23. Nf3 Bf6 24. e5 dxe5 25. Nxe5 Rc8 26. Nxd7 Qxd7 27. Qe4 b5 28. axb5 axb5 29. h4 c4 30. bxc4 bxc4 31. Kh2 Qd6 32. h5 Kg7 33. Bh3 Rc5 34. Qe3 gxh5 35. Bf5 Rxd5 36. Be4 Rd2 37. Qf3 Qc5 38. Kg2 c3 39. Rh1 Bd4 40. Rf1 c2 41. Bd5 Qe7 42. Qf4 c1=Q 43. Rxc1 Rxf2+ 44. Qxf2 Bxf2 45. Kxf2 Qg5 46. Rd1 h4 47. gxh4 Qxh4+ 48. Ke3 Qg5+ 49. Kf2 Qf5+ 50. Bf3 h5 51. Rg1+ Kf8 52. Rh1 Qc2+ 53. Kg3 Qc7+ 54. Kf2 Qc5+ 55. Kg3 Qe5+ 56. Kf2 Qd4+ 57. Kg3 h4+ 58. Rxh4 Qg1+ 59. Kf4 Qd4+ 60. Kg3 Qg1+ 61. Kf4 Ke7 62. Rh5 Qc1+ 63. Kg3 Qe1+ 64. Kg2 Kf6 65. Rh6+ Kg5 66. Rc6 f5 67. Rc8 Qd2+ 68. Kf1 Kf4 69. Be2 Qe3 70. Rg8 Qc1+ 71. Kf2 Qc5+ 72. Kf1 Qd6 73. Rg2 Ke3 74. Rf2 Qe5 75. Rf3+ Kd2 76. Rd3+ Kc2 77. Rf3 Qe6 78. Bd3+ Kd2 79. Bxf5 Qe1+ 80. Kg2 Qh4 81. Rf2+ Ke3 82. Rf3+ Ke2 83. Bh3 Qg5+ 84. Rg3 Qd5+ 85. Kh2 Kf2 86. Rg2+ Kf3 87. Rg3+ 1-0


[Site "https://www.chess.com"]

[Event "Titled Tuesday Blitz July 27 2021"]
[White "Carroll, Thomas"]
[Black "Pacheco Lugo, Alejandro Jose"]
[WhiteFideId "450111"]
[BlackFideId "3903745"]
[WhiteElo "1950"]
[BlackElo "2125"]
[Result "1-0"]
[Round "08"]
[TimeControl "180+1"]
[Date "2021.07.27"]
[WhiteClock "0:01:24"]
[BlackClock "0:00:14"]

1. d4 Nf6 2. Bg5 d5 3. Nd2 Nbd7 4. Ngf3 c5 5. e3 e6 6. c3 Be7 7. Bd3 O-O 8. O-O b6 9. Qe2 Bb7 10. Rad1 h6 11. Bh4 Ne4 12. Bxe7 Qxe7 13. Ne5 Nxe5 14. dxe5 f5 15. exf6 Nxf6 16. e4 Rae8 17. Rfe1 Qf7 18. e5 Nd7 19. c4 Qf4 20. cxd5 exd5 21. e6 d4 22. Bb5 d3 23. Qe3 Qg4 24. f3 Rxf3 25. Nxf3 Ne5 26. Qxe5 Bxf3 27. Rd2 Re7 28. Qb8+ Kh7 29. Bxd3+ g6 30. Qg3 Qd4+ 31. Qf2 1-0


[Site "https://www.chess.com"]

[Event "Titled Tuesday Blitz July 27 2021"]
[White "Chen, Max"]
[Black "Gelman, Alexander"]
[WhiteFideId "2622440"]
[BlackFideId "4118316"]
[WhiteElo "2444"]
[BlackElo "2375"]
[Result "0-1"]
[Round "08"]
[TimeControl "180+1"]
[Date "2021.07.27"]
[WhiteClock "0:00:29"]
[BlackClock "0:01:30"]

1. e4 b6 2. d4 Bb7 3. Nc3 e6 4. f4 Bb4 5. Bd3 Nf6 6. Qe2 d5 7. e5 Ne4 8. Bd2 Bxc3 9. bxc3 c5 10. Nf3 h6 11. O-O O-O 12. g3 c4 13. Bxe4 dxe4 14. Ne1 e3 15. Bxe3 Qd5 16. Kf2 Nc6 17. Qf3 Qa5 18. Bd2 Rad8 19. f5 Rxd4 20. cxd4 Qxd2+ 21. Qe2 Qxd4+ 22. Qe3 Qxa1 23. f6 Qxe5 24. Qxe5 Nxe5 25. fxg7 Kxg7 0-1


[Site "https://www.chess.com"]

[Event "Titled Tuesday Blitz July 27 2021"]
[White "De Silva, L M S T"]
[Black "Ljukin, Sergei"]
[WhiteFideId "9953698"]
[BlackFideId "14102200"]
[WhiteElo "1621"]
[BlackElo "2309"]
[Result "1-0"]
[Round "08"]
[TimeControl "180+1"]
[Date "2021.07.27"]
[WhiteClock "0:00:45"]
[BlackClock "0:00:08"]

1. b3 e5 2. Bb2 Nc6 3. e3 Nf6 4. Bb5 Bd6 5. Na3 Na5 6. Nc4 Nxc4 7. Bxc4 c6 8. Ne2 Bc7 9. d4 e4 10. d5 b5 11. d6 Bb6 12. Ng3 bxc4 13. Nf5 O-O 14. Ne7+ Kh8 15. Bxf6 gxf6 16. Qh5 Ba5+ 17. Kf1 Bc3 18. Rd1 Qa5 19. Qh6 Ba6 20. b4 Qg5 21. Qh3 Rad8 22. g4 Bxb4 23. Nf5 c3+ 24. Ke1 Bc4 25. Rd4 c5 26. Rxc4 Rde8 27. Rg1 Re5 28. Rg3 Rb8 29. Ke2 Ba5 30. Ra4 c4 31. Qg2 Rb2 32. Nd4 Bb6 33. h4 Qg6 34. h5 Qg5 35. Rxc4 Bxd4 36. Rc8+ Kg7 37. h6+ Kg6 38. Rg8+ Kxh6 39. Rh3+ 1-0


[Site "https://www.chess.com"]

[Event "Titled Tuesday Blitz July 27 2021"]
[White "Dejmek, Mark"]
[Black "Prydun, Andriy"]
[WhiteFideId "2017628"]
[BlackFideId "14145898"]
[WhiteElo "2309"]
[BlackElo "2024"]
[Result "0-1"]
[Round "08"]
[TimeControl "180+1"]
[Date "2021.07.27"]
[WhiteClock "0:00:05"]
[BlackClock "0:00:19"]

1. e4 c6 2. d4 d5 3. e5 Bf5 4. Nc3 e6 5. g4 Bg6 6. Nge2 f6 7. h4 Nd7 8. h5 Bf7 9. f4 c5 10. exf6 Ngxf6 11. Ng3 cxd4 12. Nb5 Bc5 13. g5 Ne4 14. g6 Nxg3 15. gxf7+ Kxf7 16. Rg1 Nf5 17. Bd3 Qh4+ 18. Kf1 Ng3+ 19. Kg2 Nf6 20. b4 Ng4 21. Rh1 Nxh1 22. Qxh1 Qxh1+ 23. Kxh1 Nf2+ 24. Kg2 Nxd3 25. cxd3 Bxb4 26. Nxd4 Bc3 0-1


[Site "https://www.chess.com"]

[Event "Titled Tuesday Blitz July 27 2021"]
[White "Dobrowolski, Piotr"]
[Black "Wong, Yinn Long"]
[WhiteFideId "1106236"]
[BlackFideId "5707684"]
[WhiteElo "2304"]
[BlackElo "2016"]
[Result "1/2-1/2"]
[Round "08"]
[TimeControl "180+1"]
[Date "2021.07.27"]
[WhiteClock "0:00:15"]
[BlackClock "0:00:14"]

1. e4 e6 2. Nf3 d5 3. Nc3 d4 4. Ne2 c5 5. c3 Nf6 6. e5 Nfd7 7. cxd4 cxd4 8. Nexd4 Nxe5 9. Bb5+ Nec6 10. O-O Bd7 11. Ne2 Bd6 12. d4 O-O 13. Re1 Ne7 14. Bd3 Bc6 15. Nf4 Nd7 16. Ne5 Nf6 17. Be3 g6 18. Nh3 Rc8 19. Bh6 Re8 20. Ng5 Bxe5 21. dxe5 Qd5 22. Nf3 Nd7 23. Bg5 Nf5 24. Be4 Qxd1 25. Raxd1 Nb6 26. g4 Ne7 27. Bxe7 Rxe7 28. Bxc6 Rxc6 29. Rd8+ Kg7 30. Ng5 Nd5 31. Ne4 Rc2 32. g5 Rec7 33. Nf6 Rc8 34. Rxc8 Rxc8 35. Rd1 Rc5 36. h4 Rc2 37. Nxd5 exd5 38. Rxd5 Rxb2 39. Rd7 Kf8 40. e6 fxe6 41. Rxh7 a5 42. a4 Rb4 43. Kg2 Kg8 44. Re7 Rxh4 45. Rxb7 Rxa4 46. f3 Rb4 47. Re7 Rb5 48. Rxe6 Rxg5+ 49. Kf2 Rf5 50. Ra6 Kf7 51. Ke3 Kg7 52. f4 Kh6 53. Kf3 Rb5 54. Kg4 Rc5 55. Kg3 Kh5 56. Kh3 Rc3+ 57. Kg2 Ra3 58. Rf6 a4 59. f5 g5 60. Rb6 Kg4 61. f6 Ra2+ 62. Kf1 Ra3 63. Rb4+ Kh5 64. f7 Rf3+ 65. Kg2 Rxf7 66. Rxa4 Rc7 67. Kg1 Rc2 68. Ra1 Rb2 69. Rc1 Rd2 70. Rb1 Rc2 71. Ra1 Kh4 72. Rb1 Kg3 73. Ra1 Rg2+ 74. Kh1 Rh2+ 75. Kg1 Rb2 76. Kh1 Kf4 77. Kg1 Ke3 78. Ra3+ Kf4 79. Ra1 Rd2 80. Ra4+ Kf3 81. Ra1 g4 82. Ra3+ Kf4 83. Ra1 Kg5 84. Ra5+ Kh4 85. Ra1 Rb2 86. Kh1 Kh3 87. Kg1 Rg2+ 88. Kh1 Rh2+ 89. Kg1 Rc2 90. Kh1 Rc3 91. Kg1 Rb3 92. Kh1 Rg3 93. Rb1 Rg2 94. Rb3+ g3 95. Rb1 Rh2+ 96. Kg1 Rg2+ 97. Kh1 Rf2 98. Kg1 Rd2 99. Ra1 Rc2 100. Rb1 Rg2+ 101. Kh1 1/2-1/2


[Site "https://www.chess.com"]

[Event "Titled Tuesday Blitz July 27 2021"]
[White "Dushyant Sharma"]
[Black "Nguyen Hong Nhung"]
[WhiteFideId "25065130"]
[BlackFideId "12412201"]
[WhiteElo "2019"]
[BlackElo "1661"]
[Result "1-0"]
[Round "08"]
[TimeControl "180+1"]
[Date "2021.07.27"]
[WhiteClock "0:02:21"]
[BlackClock "0:01:44"]

1. e4 c5 2. Nf3 e6 3. d4 cxd4 4. Nxd4 Nc6 5. Nc3 Qc7 6. f4 a6 7. Nf3 Bb4 8. Bd3 Nf6 9. O-O Bxc3 10. bxc3 d5 11. e5 Nd7 12. Kh1 b5 13. Ba3 Na5 14. Bd6 Qb6 15. f5 exf5 16. Bxf5 Nc4 17. Qxd5 Bb7 18. Bxd7+ Kxd7 19. Qxf7+ Kc8 20. Qe6+ Kd8 21. Qe7+ Kc8 22. Nd4 Ne3 23. Rf7 Bxg2+ 24. Kg1 Bd5 25. Qd7# 1-0


[Site "https://www.chess.com"]